 Dungeon Crawl Stone Soup version 0.18.1-50-g88ac8fd (webtiles) character file.

511 GammafunkIsABaby the Caller (level 6, -2/36 HPs)
             Began as a High Elf Ice Elementalist on June 9, 2018.
             Was a Priest of Ru.
             Slain by an ice beast (13 damage)
             ... summoned by the player character
             ... on level 9 of the Dungeon.
             The game lasted 00:13:33 (1398 turns).

GammafunkIsABaby the Caller (HEIE)                  Turns: 1398, Time: 00:13:34

Health: -2/36      AC:  5    Str:  9    XL:     6   Next: 99%
Magic:  5/13       EV: 12    Int: 19    God:    Ru [***...]
Gold:   95         SH:  0    Dex: 16    Spells: 2 memorised, 8 levels left

rFire  x . .     SeeInvis .     f - +0 dagger
rCold  x . .     Gourm    .     k - +0 robe (curse)
rNeg   . . .     Faith    .     (no shield)
rPois  .         Spirit   .     (no helmet)
rElec  .         Dismiss  .     (no cloak)
rCorr  .         Reflect  .     o - +2 pair of gloves
SustAt .         Harm     .     (no boots)
MR     .....                    (no amulet)
Stlth  ++........               (no ring)
                                (no ring)

@: drained, not resistant to hostile enchantments, unstealthy
A: temperature sensitive
a: Draw Out Power, Renounce Religion


You were on level 9 of the Dungeon.
You worshipped Ru.
Ru was most pleased with you.
You were near starving.

You visited 2 branches of the dungeon, and saw 10 of its levels.

You collected 95 gold pieces.

Inventory:

Hand Weapons
 f - a +0 dagger (weapon)
Armour
 a - a +0 robe
 i - a +0 pair of gloves
 k - a cursed +0 robe (worn)
 m - a +1 buckler of protection
 o - a +2 pair of gloves (worn)
Wands
 d - a wand of random effects (25/48)
Scrolls
 e - a scroll of random uselessness
 g - a scroll of identify
 j - a scroll of enchant weapon {unknown}
 q - a scroll of remove curse {unknown}
Potions
 l - a potion of berserk rage {unknown}
 n - a potion of curing
Books
 b - a book of Frost

   Spells                             Type                      Level
   a - Freeze                         Ice                          1
   b - Throw Frost                    Conjuration/Ice              2
   c - Ozocubu's Armour               Charms/Ice                   3
   d - Throw Icicle                   Conjuration/Ice              4
   e - Summon Ice Beast               Ice/Summoning                4
Comestibles
 c - 3 bread rations
 h - a slice of pizza
 p - a meat ration


   Skills:
 - Level 2.1(1.5) Dodging
 - Level 2.1(1.5) Stealth
 - Level 4.2(3.5) Spellcasting
   Level 1.1(0.4) Conjurations
 + Level 5.1(4.4) Summonings
 - Level 4.3(3.6) Ice Magic


You had 8 spell levels left.
You knew the following spells:

 Your Spells              Type           Power        Failure   Level  Hunger
a - Freeze                Ice            ###.         3%          1    None
B - Summon Ice Beast      Ice/Summ       ###.....     34%         4    ####...


Dungeon Overview and Level Annotations

Branches:
Dungeon (9/15)             Temple (1/1) D:4
   Lair: D:8-11         Orc: D:9-12

Altars:
Ashenzari
Cheibriados
Fedhas
Kikubaaqudgha
Makhleb
Okawaru
Pakellas
Qazlal
Ru
Sif Muna
Vehumet
Xom
Zin

Shops:
D:4 (


Innate Abilities, Weirdness & Mutations

You are sensitive to extremes of temperature (rF-, rC-).


Message History

Your ice beast is moderately wounded.
The iceblast engulfs the kobold.
You kill the kobold!
This wand has 26 charges left.
You hear a shout!
The ice beast hits you. The ice beast freezes you!
You feel a terrible chill!
The ice beast is stunned by your will and fails to attack.
Unknown command.
Unknown command.
Unknown command.
Unknown command.
Unknown command.
Evoke which item? (* to show all) (? for menu, Esc to quit)
Zapping:
d - a wand of random effects (26/48)
Press: ? - help, Shift-Dir - straight line, f - kobold
Aim: a kobold, wielding a short sword The ice beast seems to speed up.
This wand has 25 charges left.
The ice beast barely misses you. The wight closely misses you.
The ice beast hits you. The ice beast freezes you!
You feel a terrible chill!
You die...

#.....
#.....
#....###
#......
#.....####
#.....#@Y#
#..†..#zY#
#..)..#K)#
#...).#..#
#..K.Y#..#
#..KzK#..#
#.##Y.#).#
#. #..'..#
#.....#..#


You could see 2 ice beasts, a wight and a kobold.

Vanquished Creatures
  The ghost of GammafunkIsRetarded the Magician, an amateur HEIE (D:5)
  A giant frog (D:6)
  A crimson imp (D:6)
  A hound (D:4)
  2 worker ants
  A hound skeleton (D:4)
  3 adders
  A shadow imp (D:5)
  A giant gecko (D:1)
  3 giant cockroaches
  2 goblins
  2 hobgoblins (D:1)
  15 jackals
  2 bats (D:1)
  A giant newt (D:3)
  3 kobolds
  2 rats
42 creatures vanquished.

Vanquished Creatures (collateral kills)
  A wyvern (D:9)
  A big kobold (D:9)
  2 wights (D:9)
  A killer bee (D:8)
  2 kobolds (D:9)
7 creatures vanquished.

Grand Total: 49 creatures vanquished

Notes
Turn   | Place    | Note
--------------------------------------------------------------
     0 | D:1      | GammafunkIsABaby the High Elf Ice Elementalist began the quest for the Orb.
     0 | D:1      | Reached XP level 1. HP: 11/11 MP: 4/4
   143 | D:1      | Reached XP level 2. HP: 12/17 MP: 1/6
   467 | D:3      | Reached XP level 3. HP: 9/21 MP: 0/8
   555 | D:4      | Reached XP level 4. HP: 10/27 MP: 2/10
   561 | D:4      | Learned a level 4 spell: Summon Ice Beast
   564 | D:4      | Found a staircase to the Ecumenical Temple.
   570 | Temple   | Entered the Ecumenical Temple
   612 | Temple   | Became a worshipper of Ru the Awakened
   693 | D:4      | Found Iding's Antique Weapon Boutique.
   713 | D:5      | Entered Level 5 of the Dungeon
   713 | D:5      | Found an oddly glowing altar of Pakellas.
   865 | D:6      | Reached skill level 1 in Summonings
   915 | D:6      | Reached XP level 5. HP: 22/31 MP: 6/12
   931 | D:6      | Reached skill level 2 in Summonings
  1025 | D:5      | HP: 1/31 [shadow imp (2)]
  1029 | D:5      | Reached skill level 3 in Summonings
  1105 | D:5      | Noticed GammafunkIsRetarded's ghost (amateur HEIE)
  1118 | D:5      | Killed GammafunkIsRetarded's ghost
  1118 | D:5      | Reached XP level 6. HP: 10/36 MP: 3/13
  1288 | D:8      | Reached skill level 4 in Summonings
  1309 | D:9      | Gained mutation: You are sensitive to extremes of temperature (rF-, rC-). [Ru sacrifice]
  1309 | D:9      | Reached * piety under Ru
  1309 | D:9      | Reached ** piety under Ru
  1309 | D:9      | Reached *** piety under Ru
  1333 | D:9      | Noticed a wyvern
  1341 | D:9      | Killed a wyvern
  1353 | D:9      | Noticed an ice beast
  1363 | D:9      | Noticed an ice beast
  1372 | D:9      | Reached skill level 5 in Summonings
  1398 | D:9      | Slain by an ice beast

Skill      XL: |  1  2  3  4  5  6 |
---------------+-------------------+-----
Spellcasting   | 3 4 |  4.2
Ice Magic      | 4 |  4.3
Summonings     | 1 3 5 |  5.1
Dodging        | |  2.1
Stealth        | |  2.1
Conjurations   | |  1.1

Action                   |  1- 3 |  4- 6 || total
-------------------------+-------+-------++-------
Melee: Dagger            |     9 |    46 ||    55
       Unarmed           |     1 |       ||     1
 Cast: Freeze            |    31 |    48 ||    79
       Summon Ice Beast  |       |     8 ||     8
Invok: Draw Out Power    |       |     2 ||     2
       Sacrifice Resista |       |     1 ||     1
Evoke: Wand              |       |     4 ||     4
  Use: Potion            |     3 |       ||     3
       Scroll            |       |     2 ||     2
 Stab: Sleeping          |     3 |     1 ||     4
  Eat: Chunk             |       |     1 ||     1
Armor: Robe              |    10 |    24 ||    34
Dodge: Dodged            |    22 |    55 ||    77
